 Dungeon Crawl Stone Soup version 0.24.0-123-gd5b16e6ec5 (webtiles) character file.

Game seed: 5861392942341084967, levelgen mode: deterministic

85 ekorren the Ducker (level 4, 0/57 HPs)
             Began as a Deep Dwarf Fire Elementalist on Jan 12, 2020.
             Slain by an adder (1 damage)
             ... on level 2 of the Dungeon.
             The game lasted 00:13:49 (1342 turns).

ekorren the Ducker (Deep Dwarf Fire Elementalist)   Turns: 1342, Time: 00:13:49

Health: 0/57       AC: 22    Str: 12    XL:     4   Next: 25%
Magic:  4/7        EV:  2    Int: 16    God:
Gold:   26         SH:  0    Dex: 13    Spells: 3/7 levels left

rFire    . . .     SeeInvis .   h - +0 mace
rCold    . . .     Gourm    .   (no shield)
rNeg     + + +     Faith    .   (armour currently unavailable)
rPois    +         Spirit   .   (helmet currently unavailable)
rElec    .         Reflect  .   (cloak currently unavailable)
rCorr    .         Harm     .   (gloves currently unavailable)
MR       .....     NoTele   +   (boots currently unavailable)
Stlth    ++........             (no amulet)
HPRegen  0.00/turn              (no ring)
MPRegen  0.10/turn              (no ring)

@: lethally poisoned (0 -> 0), tree-form, very slightly contaminated,
non-regenerating
A: damage resistance, heal wounds, sense surroundings 1, no regeneration
a: Heal Wounds


You were on level 2 of the Dungeon.
You were not hungry.
You were a tree.
You visited 1 branch of the dungeon, and saw 2 of its levels.

You collected 26 gold pieces.

Inventory:

Hand Weapons
 d - a +0 short sword
 h - a +0 mace (weapon)
Missiles
 b - 14 sling bullets
 i - 6 curare-tipped darts (quivered)
 k - 79 stones
 m - 18 arrows
 n - 36 poisoned darts
Armour
 j - a +0 scale mail of cold resistance
 l - a cursed +0 leather armour (melded)
Scrolls
 a - a scroll of noise {unknown}
 e - a scroll of teleportation {unknown}
 g - a scroll of identify {unknown}
Potions
 o - 2 potions of magic
Comestibles
 c - 5 rations
 f - a chunk of flesh


   Skills:
 + Level 1.2 Fighting
 - Level 1.3 Armour
 + Level 2.8 Dodging
 - Level 2.4 Stealth
 + Level 2.4 Spellcasting
 + Level 2.0 Conjurations
 - Level 2.6 Fire Magic


You had 3 spell levels left.
You knew the following spells:

 Your Spells              Type           Power        Failure   Level  Hunger
a - Flame Tongue          Conj/Fire      #....        8%          1    #......
b - Conjure Flame         Conj/Fire      #.......     22%         3    ###....

Your spell library contained the following spells:

 Spells                   Type           Power        Failure   Level  Hunger
 Throw Flame              Conj/Fire      #.....       12%         2    ###....
 Inner Flame              Hex/Fire       #.......     34%         3    ###....
 Sticky Flame             Conj/Fire      #.......     58%         4    #####..
 Fireball                 Conj/Fire      #.........   91%         5    ######.


Dungeon Overview and Level Annotations

Branches:
Dungeon (2/15)

Altars:
Okawaru

Annotations:
D:2 Natasha


Innate Abilities, Weirdness & Mutations

You are resistant to damage.
You can heal yourself by infusing magical energy.
You passively map a small area around you.
You do not regenerate.


Message History

The flame tongue misses the adder.
The adder bites you.
You are poisoned.
The adder poisons you!
You miss the adder. The adder misses you. The adder bites you.
You hit the adder.
The adder is moderately wounded.
The adder misses you. The adder bites you.
* * * LOW HITPOINT WARNING * * *
You are more poisoned.
The adder poisons you!
You barely miss the adder.
The adder is moderately wounded.
The adder bites you.
* * * LOW HITPOINT WARNING * * *
Really quaff the potion of lignification?
You turn into a tree.
Your cursed +0 leather armour melds into your body.
Your roots penetrate the ground.
The adder bites you but does no damage. The adder bites you.
You die...

#.####.#...##.# .#
##.# # #.#
#........# .# .. * #
#.#
###.#.#..#*.##.####
* # #.#
##.......##....... #
#.# ##.###..#.#...
... * #.###.##
##.#.#.###.# *
#.##.## ..#.......#
#....#
,######.....##
####.##*,
..#...♣S...# * ##.##
##.#...........
##.###..#........###
##...#...#.....##
##.####.##...##
#.......###.##
#.........#.#
#.#######...# #.#
#..##


You could see an adder.

Vanquished Creatures
  Terence (D:2)
  An adder (D:2)
  2 dart slugs (D:1)
  3 leopard geckos
  2 giant cockroaches
  6 goblins
  5 hobgoblins
  4 jackals (D:1)
  4 kobolds (D:1)
  5 bats
  5 frilled lizards (D:1)
  4 rats
42 creatures vanquished.

Notes
Turn   | Place    | Note
-------+----------+-------------------------------------------
     0 | D:1      | ekorren the Deep Dwarf Fire Elementalist began the quest
                  | for the Orb.
     0 | D:1      | Reached XP level 1. HP: 15/15 MP: 3/3
    37 | D:1      | Reached skill level 1 in Conjurations
   120 | D:1      | Reached XP level 2. HP: 13/22 MP: 3/5
   338 | D:1      | You fall into a shaft and drop 1 floor!
   367 | D:2      | Found an iron altar of Okawaru.
   416 | D:2      | Noticed Terence
   450 | D:2      | Killed Terence
   450 | D:2      | Reached skill level 1 in Armour
   450 | D:2      | Reached XP level 3. HP: 15/30 MP: 6/6
   455 | D:2      | Learned a level 3 spell: Conjure Flame
   680 | D:1      | Reached skill level 1 in Fighting
   839 | D:1      | Reached XP level 4. HP: 8/38 MP: 1/7
  1264 | D:2      | Noticed Natasha
  1341 | D:2      | HP: 1/38 [adder (2)]
  1342 | D:2      | Slain by an adder

Levels and vault maps discovered:
D:1:      noname_arrival_rooms_in_the_neighbourhood, layout_loops_corners,
          minmay_misc_feat_chi
D:2:      layout_loops_ring, lemuel_crystal_altar, elyvilon_altar_5,
          first_ration, minmay_unequal, uniq_robin, uniq_terence,
          uniq_crazy_yiuf_cottage, uniq_natasha

Skill      XL: |  1  2  3  4 |
---------------+-------------+-----
Conjurations   | 1 2 |  2.0
Spellcasting   | 2 |  2.4
Armour         | 1 |  1.3
Fighting       | 1 |  1.2
Dodging        | |  2.8
Stealth        | |  2.4
Fire Magic     | |  2.6

Action                   |  1- 3 |  4- 6 || total
-------------------------+-------+-------++-------
Melee: Unarmed           |    12 |       ||    12
       Dagger            |     5 |       ||     5
       Mace              |    43 |    16 ||    59
 Cast: Flame Tongue      |    46 |    25 ||    71
  Use: Potion            |     3 |     3 ||     6
  Eat: Chunk             |       |     3 ||     3
Armor: Robe              |     6 |       ||     6
       Skin              |    18 |     1 ||    19
       Leather armour    |    11 |     5 ||    16
Dodge: Dodged            |    57 |    21 ||    78
